 Dungeon Crawl Stone Soup version 0.31-a0-963-ga325b2283a (webtiles) character file.

Game seed: 2647258669822086426

32 BinkBink the Shooter (level 3, 0/18 HPs)
             Began as a Spriggan Hunter on Oct 24, 2023.
             Succumbed to an adder's poison
             ... on level 2 of the Dungeon.
             The game lasted 00:00:54 (643 turns).

BinkBink the Shooter (Spriggan Hunter)               Turns: 643, Time: 00:00:54

Health: 0/18       AC:  2    Str:  7    XL:     3   Next: 10%
Magic:  4/4        EV: 18    Int: 10    God:
Gold:   79         SH:  0    Dex: 20    Spells: 2/2 levels left

rFire   . . .        a - +0 shortbow
rCold   . . .        (shield currently unavailable)
rNeg    . . .        c - +0 robe
rPois   .            (helmet restricted)
rElec   .            (no cloak)
rCorr   .            (gloves unavailable)
SInv    +            (boots unavailable)
Will    +....        (no amulet)
Stlth   +++          (no ring)
HPRegen 0.23/turn    (no ring)
MPRegen 0.09/turn

%: no passive effects
@: lethally poisoned (0 -> -1), enlightened, flying, very quick
A: very small, no large weapons, unfitting armour, see invisible, speed 3
a: no special abilities


You were on level 2 of the Dungeon.
You visited 1 branch of the dungeon, and saw 2 of its levels.

You collected 79 gold pieces.

Inventory:

Hand Weapons
 a - a +0 shortbow (weapon)
Armour
 c - a +0 robe (worn)
Scrolls
 b - a scroll of butterflies
 d - 3 scrolls of identify {unknown}
 g - a scroll of amnesia {unknown}
 h - a scroll of teleportation {unknown}
Potions
 f - 2 potions of cancellation {unknown}


   Skills:
 - Level 1.5 Fighting
 * Level 4.5 Ranged Weapons
 + Level 3.3 Dodging
 + Level 2.8 Stealth


You had 2 spell levels left.
You didn't know any spells.
Your spell library contained the following spells:

 Spells                   Type           Power      Damage    Failure   Level
 Summon Small Mammal      Summ           0%         N/A       36%         1
 Call Canine Familiar     Summ           0%         N/A       75%         3
 Summon Guardian Golem    Hex/Summ       0%         N/A       75%         3


Dungeon Overview and Level Annotations

Branches:
Dungeon (2/15)

Altars:

Shops:
D:1 :


Innate Abilities, Weirdness & Mutations

You are very small and have problems with some larger weapons.
You are too small for most types of armour.
You have supernaturally acute eyesight. (SInv)
You cover ground extremely quickly. (Speed+++)


Message History

The bat misses you. The bat closely misses you. The bat misses you.
You shoot an arrow. The arrow hits the bat.
You kill the bat!
The adder closely misses you.
You shoot an arrow. The arrow hits the adder!
The adder is severely wounded.
The adder completely misses you.
You shoot an arrow. The arrow misses the adder.
The adder bites you.
You are poisoned.
The adder poisons you! The frilled lizard bites you.
The adder completely misses you.
You shoot an arrow. The arrow misses the adder.
* * * LOW HITPOINT WARNING * * *
You feel sick. The adder misses you.
The frilled lizard bites you but does no damage.
You shoot an arrow.
The arrow hits the adder but does no damage.
The adder is severely wounded.
* * * LOW HITPOINT WARNING * * *
You feel sick. The adder bites you but does no damage.
The frilled lizard bites you but does no damage.
The adder closely misses you.
You shoot an arrow. The arrow barely misses the adder.
The jackal barks!
* * * LOW HITPOINT WARNING * * *
You feel sick.
The frilled lizard completely misses you.
The adder closely misses you. The frilled lizard misses you.
You shoot an arrow. The arrow hits the adder!
You kill the adder!
* * * LOW HITPOINT WARNING * * *
You feel sick. The frilled lizard misses you.
You have reached level 3!
Your experience leads to an increase in your attributes!
Increase (S)trength, (I)ntelligence, or (D)exterity?
You feel agile. x2
It was a potion of enlightenment.
You feel very buoyant.
You fly up into the air.
You die...

#)# #l#
#.# #.#
####.#
#h...#
#h####
#.###l#
#..†@.#
#!..#####
#.


You could see 2 jackals and a frilled lizard.

Vanquished Creatures
  An adder (D:2)
  A worm (D:2)
  An endoplasm (D:1)
  A giant cockroach (D:1)
  4 goblins (D:1)
  A hobgoblin (D:2)
  A jackal (D:2)
  A kobold (D:2)
  A quokka (D:1)
  A ball python (D:1)
  2 bats
  4 frilled lizards (D:1)
  2 rats (D:1)
21 creatures vanquished.

Notes
Turn   | Place    | Note
-------+----------+-------------------------------------------
     0 | D:1      | BinkBink the Spriggan Hunter began the quest for the Orb.
     0 | D:1      | Reached XP level 1. HP: 10/10 MP: 2/2
   239 | D:1      | Reached XP level 2. HP: 14/14 MP: 3/3
   384 | D:1      | Found Acum's Book Shoppe.
   643 | D:2      | Reached XP level 3. HP: 1/18 MP: 4/4
   643 | D:2      | Succumbed to an adder's poison

Illustrated notes

Levels and vault maps discovered:
D:1:      dpeg_arrival_pits, layout_loops_ring, serial_shops, shop
D:2:      layout_basic, basic_altar, serial_shops, shop

Skill      XL: |  1 |
---------------+----+-----
Stealth        | 2 |  2.8
Dodging        | 3 |  3.3
Fighting       | |  1.5
Ranged Weapons | |  4.5

Action                     || total
---------------------------++-------
   Fire: Shortbow          ||    53
    Use: Potion            ||     1
 Armour: Robe              ||     7
  Dodge: Dodged            ||    21

Table legend: (Time is in decaauts)
 A = Elapsed time spent in this place.
 B = Non-inter-level travel time spent in this place.
 C = Inter-level travel time spent in this place.
 D = Time resting spent in this place.
 E = Time spent auto-exploring this place.
 F = Levels seen in this place.
 G = Mean time per level.
                   A        B        C        D        E       F      G
               +--------+--------+--------+--------+--------+-----+--------+
         Total |    424 |    409 |     15 |      0 |    314 |   2 |  212.0 |
       Dungeon |    424 |    409 |     15 |      0 |    314 |   2 |  212.0 |
               +--------+--------+--------+--------+--------+-----+--------+

Top non-repeatable levels by time:
     D:1: 374 daAuts
     D:2: 50 daAuts
